 Dungeon Crawl Stone Soup version 0.17-a0-4-gb793c6d (webtiles) character file.

195 Psiweapon the Twirler (level 5, -10/34 HPs)
             Began as a Gargoyle Gladiator on Mar 3, 2015.
             Mangled by an orc warrior
             ... wielding a +0 dire flail
              (11 damage)
             ... on level 4 of the Dungeon.
             The game lasted 00:07:43 (2733 turns).

Psiweapon the Twirler (Gargoyle Gladiator)          Turns: 2733, Time: 00:07:43

Health: -10/34     AC: 13    Str: 18    XL:     5   Next: 74%
Magic:  5/5        EV:  7    Int: 10    God:
Gold:   86         SH:  0    Dex: 10    Spells: 0 memorised, 4 levels left

rFire  + . .     SeeInvis .     a - +0 quarterstaff
rCold  + . .     Clarity  .     p - +0 chain mail
rNeg   + + .     SustAb   .     (no shield)
rPois  ∞         Gourm    .     w - +0 helmet
rElec  +         Spirit   .     (no cloak)
rCorr  +         Warding  .     (no gloves)
rMut   .         Stasis   .     (no boots)
MR     .....                    q - amulet of rage
Stlth  ..........               (no ring)
                                y - ring of positive energy

@: resistant, not resistant to hostile enchantments, extremely unstealthy
A: negative energy resistance 1, electricity resistance, unbreathing,
petrification resistance, rot immunity, AC +4
a: Evoke Berserk Rage


You were on level 4 of the Dungeon.
You were very hungry.

You visited 1 branch of the dungeon, and saw 4 of its levels.

You collected 86 gold pieces.

Inventory:

Hand weapons
 a - a +0 quarterstaff (weapon)
Missiles
 d - 3 throwing nets
 h - 20 stones (quivered)
 i - 13 poisoned needles
 o - 21 bolts
Armour
 b - a +0 leather armour
 p - a +0 chain mail (worn)
 w - a +0 helmet (worn)
 A - a +0 pair of boots
Jewellery
 c - an uncursed amulet of regeneration
 k - an uncursed amulet of resist corrosion
 q - an amulet of rage (around neck)
 y - a ring of positive energy (left hand)
Scrolls
 e - 3 scrolls of identify {unknown}
 g - a scroll of enchant weapon {unknown}
 j - a scroll of remove curse {unknown}
 m - a scroll of recharging {unknown}
 r - a scroll of amnesia {unknown}
 t - 2 scrolls of blinking {unknown}
 u - a scroll of teleportation {unknown}
 v - a scroll of random uselessness {unknown}
Comestibles
 f - a bread ration
 l - a slice of pizza
 n - 2 meat rations
 x - a beef jerky


   Skills:
 + Level 4.5 Fighting
 + Level 5.0 Staves
 - Level 2.0 Throwing
 - Level 2.4 Dodging


You had 4 spell levels left.
You didn't know any spells.

Dungeon Overview and Level Annotations

Branches:
Dungeon (4/15)
 Temple: D:4-7

Altars:
Elyvilon
Makhleb


Innate Abilities, Weirdness & Mutations

You are resistant to torment.
You are immune to poison.
Your stone body is very resilient (AC +4).
You resist negative energy.
You are resistant to electric shocks.
You can survive without breathing.
You are immune to petrification.
You are immune to rotting.


Message History

You hit the orc warrior.
The orc warrior is severely wounded.
The orc warrior hits you with a dire flail!
Ouch! That really hurt!
* * * LOW HITPOINT WARNING * * *
You closely miss the orc warrior.
The orc warrior is severely wounded.
The orc warrior hits you with a dire flail.
* * * LOW HITPOINT WARNING * * *
You hit the orc warrior but do no damage.
The orc warrior is severely wounded.
The orc warrior hits you but does no damage.
Drink which item? (? for menu, Esc to quit)
It was a potion of poison.
You feel slightly nauseous.
The orc warrior hits you with a dire flail.
* * * LOW HITPOINT WARNING * * *
You sock the orc warrior!
The orc warrior is almost dead.
The orc warrior hits you with a dire flail!
You die...

#####
#Ko.##########
#o##.........####
#@##.K..o........
#.##...((.........
#.##.....)........
#.##............$.
#.#########......
#.#########......
#.........####...
#####......# .
#......#


You could see an orc warrior, an orc and a kobold.

Vanquished Creatures
  3 iron imps (D:3)
  5 adders
  A giant mite (D:2)
  2 worms (D:2)
  A giant gecko (D:3)
  2 orcs
  2 ball pythons
  8 bats
  A goblin (D:3)
  5 hobgoblins
  2 giant cockroaches
  4 giant newts
  9 kobolds
  13 rats
58 creatures vanquished.

Notes
Turn   | Place    | Note
--------------------------------------------------------------
     0 | D:1      | Psiweapon, the Gargoyle Gladiator, began the quest for the Orb.
     0 | D:1      | Reached XP level 1. HP: 12/12 MP: 1/1
   170 | D:1      | Reached XP level 2. HP: 16/18 MP: 2/2
   947 | D:2      | Reached XP level 3. HP: 12/23 MP: 3/3
  1232 | D:2      | Reached skill level 4 in Staves
  1332 | D:2      | Reached XP level 4. HP: 28/28 MP: 4/4
  1443 | D:2      | Found a white marble altar of Elyvilon.
  2316 | D:3      | Found a burning altar of Makhleb.
  2346 | D:3      | Reached XP level 5. HP: 33/33 MP: 5/5
  2546 | D:3      | Reached skill level 5 in Staves
  2708 | D:4      | Noticed an orc warrior
  2730 | D:4      | HP: 1/34 [orc warrior/dire flail (1)]
  2733 | D:4      | Mangled by an orc warrior

Action                   |  1- 3 |  4- 6 || total
-------------------------+-------+-------++-------
Melee: Quarterstaff      |   108 |   111 ||   219
Throw: Stone             |    21 |    10 ||    31
       Throwing net      |     1 |       ||     1
  Use: Potion            |       |     2 ||     2
  Eat: Chunk             |     1 |     4 ||     5
